 Dungeon Crawl Stone Soup version 0.27-a0-1342-ga99462a43c (webtiles) character file.

Game seed: 4915617868606789825

35 PentaManta the Insei (level 3, 0/23 HPs)
             Began as an Octopode Transmuter on June 27, 2021.
             Killed by divine providence
             ... invoked by an orc priest
              (8 damage)
             ... on level 2 of the Dungeon.
             The game lasted 00:02:26 (1741 turns).

PentaManta the Insei (Octopode Transmuter)          Turns: 1741, Time: 00:02:27

Health: 0/23       AC:  1    Str:  9    XL:     3   Next: 35%
Magic:  6/6        EV: 13    Int: 15    God:
Gold:   81         SH:  0    Dex: 13    Spells: 5/6 levels left

rFire    . . .     SeeInvis .     - Unarmed
rCold    . . .     Faith    .   (no shield)
rNeg     . . .     Spirit   .   (helmet currently unavailable)
rPois    .         Reflect  .   (no amulet)
rElec    .         Harm     .   (no ring)
rCorr    .         Rampage  .   (no ring)
Will     .....                  (no ring)
Stlth    ++........             (no ring)
HPRegen  0.07/turn              (no ring)
MPRegen  0.10/turn              (no ring)
                                (no ring)
                                (no ring)

@: appendages (expiring)
A: tentacle spike 3, almost no armour, amphibious, 8 rings, camouflage 1,
gelatinous body 1, (nimble swimmer 1), tentacles
a: End Transformation


You were on level 2 of the Dungeon.
One of your tentacles had grown a beastly spike.
You visited 1 branch of the dungeon, and saw 2 of its levels.

You collected 81 gold pieces.

Inventory:

Missiles
 a - 24 poisoned darts
Scrolls
 b - a scroll of teleportation {unknown}
 d - a scroll of vulnerability {unknown}
 e - a scroll of identify {unknown}
Potions
 c - 2 potions of might {unknown}


   Skills:
 - Level 1.0 Fighting
 - Level 2.0 Dodging
 + Level 4.3 Unarmed Combat
 - Level 2.0 Spellcasting
 - Level 2.0 Transmutations


You had 5 spell levels left.
You knew the following spells:

 Your Spells              Type           Power      Damage    Failure   Level
a - Beastly Appendage     Tmut           14%        N/A       10%         1

Your spell library contained the following spells:

 Spells                   Type           Power      Damage    Failure   Level
 Wereblood                Tmut           7%         N/A       14%         2
 Spider Form              Tmut/Pois      2%         N/A       41%         3
 Conjure Flame            Conj/Fire      1%         6-21      54%         3
 Mephitic Cloud           Conj/Pois/Air  1%         N/A       54%         3
 Ice Form                 Ice/Tmut       4%         N/A       82%         4
 Bolt of Magma            Conj/Fire/Erth 0%         4d4       99%         5
 Fireball                 Conj/Fire      0%         3d3       99%         5


Dungeon Overview and Level Annotations

Branches:
Dungeon (2/15)

Altars:


Innate Abilities, Weirdness & Mutations

One of your tentacles has grown a beastly spike.
You cannot wear most types of armour.
You are amphibious.
You can wear up to eight rings at the same time.
Your skin changes colour to match your surroundings (Stealth+).
Your rubbery body absorbs attacks. (AC +1, EV +1)
((You are camouflaged near water. (Stealth+)))
You have tentacles for arms and can constrict up to eight enemies at once.


Message History

Your transformation is almost over.
There is a stone staircase leading down here.
You start resting.
Your tentacle spike disappears.
You start resting.
HP restored.
Casting: Beastly Appendage (safe; 10% risk of failure)
Confirm with . or Enter, or press ? or * to list all spells.
One of your tentacles grows a vicious spike.
You climb downwards.
The orc priest casts a cantrip, but nothing happens.
There is a stone staircase leading up here.
The orc priest looks satisfied for a moment.
You barely miss the orc. Your grab misses the orc.
You pierce the orc.
The orc is almost dead.
The orc priest miscasts a cantrip.
The orc barely misses you.
You tentacle-slap the orc.
You kill the orc!
Things that are here:
a +0 short sword; an orc corpse The orc priest hits you with a +0 hand axe.
You barely miss the orc priest. You grab the orc priest.
You constrict the orc priest. The orc priest completely misses you.
You tentacle-slap the orc priest.
The orc priest is moderately wounded.
Your transformation is almost over.
You constrict the orc priest.
The orc priest calls down the wrath of Beogh upon you.
Beogh smites you!
Ouch! That really hurt!
You tentacle-slap the orc priest but do no damage.
The orc priest is moderately wounded.
You constrict the orc priest. The orc priest barely misses you.
You tentacle-slap the orc priest. x2
The orc priest is severely wounded.
You constrict the orc priest.
The orc priest calls down the wrath of Beogh upon you.
Beogh smites you!
You die...

#.........#
#.#######.##
#####.######...#######
.........#...#.......#
####...#.#.#...#####...
#....#.....##.##
#.##...#...##.#
#.###).....##.########
#.# #.##......<)@o...#
#.#
#†##..###.###.......
#.# #.........# .......
..# #.##.)##### ...>...
### #.# .# ....... #.#
# ....... #.# .......
#.# ....... ###.#


You could see an orc priest.

Vanquished Creatures
  A worm (D:2)
  A dart slug (D:1)
  3 orcs
  An endoplasm (D:1)
  5 goblins
  A hobgoblin (D:2)
  4 quokkas
  A bat (D:1)
  4 frilled lizards (D:1)
  A kobold (D:2)
  6 rats
28 creatures vanquished.

Notes
Turn   | Place    | Note
-------+----------+-------------------------------------------
     0 | D:1      | PentaManta the Octopode Transmuter began the quest for the
                  | Orb.
     0 | D:1      | Reached XP level 1. HP: 13/13 MP: 3/3
   219 | D:1      | Reached XP level 2. HP: 16/18 MP: 3/5
   362 | D:1      | Found a faded altar of an unknown god.
   545 | D:1      | Identified the Reference Book on Arcane Weapons
   994 | D:2      | Reached skill level 4 in Unarmed Combat
  1328 | D:2      | Reached XP level 3. HP: 23/23 MP: 3/6
  1741 | D:2      | Killed from afar by an orc priest

Illustrated notes

Levels and vault maps discovered:
D:1:      dpeg_arrival_shelter, layout_rooms, basic_ecumenical_altar
D:2:      layout_loops_ring, kennysheep_jessica_study, uniq_natasha

Skill      XL: |  1  2 |
---------------+-------+-----
Unarmed Combat | 4 |  4.3
Fighting       | |  1.0
Dodging        | |  2.0
Spellcasting   | |  2.0
Transmutations | |  2.0

Action                   || total
-------------------------++-------
Melee: Unarmed           ||    58
       Kick              ||    18
       Constrict         ||    15
       Tentacles         ||     7
       Punch             ||     2
 Cast: Beastly Appendage ||    20
 Stab: Sleeping          ||     4
Armor: Skin              ||     3
Dodge: Dodged            ||    28

Table legend: (Time is in decaauts)
 A = Elapsed time spent in this place.
 B = Non-inter-level travel time spent in this place.
 C = Inter-level travel time spent in this place.
 D = Time resting spent in this place.
 E = Time spent auto-exploring this place.
 F = Levels seen in this place.
 G = Mean time per level.
                   A        B        C        D        E       F      G
               +--------+--------+--------+--------+--------+-----+--------+
         Total |   1739 |   1724 |     15 |    446 |   1066 |   2 |  869.5 |
       Dungeon |   1739 |   1724 |     15 |    446 |   1066 |   2 |  869.5 |
               +--------+--------+--------+--------+--------+-----+--------+

Top non-repeatable levels by time:
     D:1: 1204 daAuts
     D:2: 535 daAuts
